 Dungeon Crawl Stone Soup version 0.24.0-13-gcf9b319 (webtiles) character file.

Game seed: 11156622333931180149, levelgen mode: deterministic

7 Anandil the Charmwright (level 2, 0/17 HPs)
             Began as a Gargoyle Skald on Mar 21, 2020.
             Slain by a bat (1 damage)
             ... on level 1 of the Dungeon.
             The game lasted 00:01:25 (453 turns).

Anandil the Charmwright (Gargoyle Skald)             Turns: 453, Time: 00:01:25

Health: 0/17       AC:  5    Str: 14    XL:     2   Next: 4%
Magic:  5/5        EV: 11    Int: 13    God:
Gold:   7          SH:  0    Dex:  9    Spells: 4/5 levels left

rFire    . . .     SeeInvis .   a - +0 spear
rCold    . . .     Gourm    .   (no shield)
rNeg     + . .     Faith    .   b - +0 leather armour
rPois    ∞         Spirit   .   (no helmet)
rElec    +         Reflect  .   (no cloak)
rCorr    .         Harm     .   (no gloves)
MR       .....                  (no boots)
Stlth    +.........             (no amulet)
HPRegen  0.05/turn              (no ring)
MPRegen  0.09/turn              (no ring)

@: no status effects
A: negative energy resistance 1, electricity resistance, unbreathing,
petrification resistance, rot immunity, AC +2
a: no special abilities


You were on level 1 of the Dungeon.
You were not hungry.

You visited 1 branch of the dungeon, and saw 1 of its levels.

You collected 7 gold pieces.

Inventory:

Hand Weapons
 a - a +0 spear (weapon)
Armour
 b - a +0 leather armour (worn)
Scrolls
 c - a scroll of remove curse {unknown}
Comestibles
 d - 2 rations


   Skills:
 - Level 2.1 Fighting
 + Level 2.0 Polearms
 - Level 1.1 Armour
 - Level 1.5 Dodging
 + Level 2.2 Spellcasting
 + Level 2.8 Charms


You had 4 spell levels left.
You knew the following spells:

 Your Spells              Type           Power        Failure   Level  Hunger
a - Infusion              Chrm           #...         10%         1    ##.....

Your spell library contained the following spells:

 Spells                   Type           Power        Failure   Level  Hunger
 Song of Slaying          Chrm           #.......     14%         2    ###....
 Shroud of Golubria       Chrm/Tloc      #.....       26%         2    ###....
 Regeneration             Chrm/Necr      #.........   45%         3    ####...
 Spectral Weapon          Hex/Chrm       #.......     45%         3    ####...


Dungeon Overview and Level Annotations

Branches:
Dungeon (1/15)

Altars:


Innate Abilities, Weirdness & Mutations

You are resistant to torment.
Your stone body is resilient. (AC +2)
You are immune to poison.
You resist negative energy. (rN+)
You are resistant to electric shocks. (rElec)
You can survive without breathing.
You are immune to petrification.
You are immune to rotting.


Message History

The ball python constricts you.
The frilled lizard bites you but does no damage.
The bat closely misses you.
You are too injured to fight recklessly!
Unknown command.
You are too injured to fight recklessly!
Unknown command.
Unknown command.
You miss the bat.
The bat is severely wounded.
The bat hits you but does no damage. x2; The leopard gecko bites you.
* * * LOW HITPOINT WARNING * * *
The ball python bites you but does no damage.
The ball python constricts you.
The frilled lizard bites you but does no damage.
You escape the ball python's grasp.
The bat closely misses you. The bat hits you.
* * * LOW HITPOINT WARNING * * *
The bat misses you. The bat barely misses you. The bat hits you.
You die...

####........#
##......#####
##...........##
#.............## .#
#...............##.#
#..................
#.................#
#...............#.
#.........@bS...#
.........b.l†..#...
#..........l)....#
##.....#..........?
############.#....
.# ... # .#


You could see a leopard gecko, 2 bats, a ball python and a frilled lizard.

Vanquished Creatures
  2 hobgoblins (D:1)
  A jackal (D:1)
  A kobold (D:1)
  A bat (D:1)
  A frilled lizard (D:1)
  A goblin (D:1)
7 creatures vanquished.

Notes
Turn   | Place    | Note
-------+----------+-------------------------------------------
     0 | D:1      | Anandil the Gargoyle Skald began the quest for the Orb.
     0 | D:1      | Reached XP level 1. HP: 12/12 MP: 3/3
   448 | D:1      | Reached XP level 2. HP: 16/17 MP: 5/5
   453 | D:1      | Slain by a bat

Levels and vault maps discovered:
D:1:      matt_arrival_spirals, layout_rooms, minmay_pentomino_v4

Skill      XL: |  1 |
---------------+----+-----
Polearms       | 2 |  2.0
Fighting       | |  2.1
Armour         | |  1.1
Dodging        | |  1.5
Spellcasting   | |  2.2
Charms         | |  2.8

Action                   || total
-------------------------++-------
Melee: Spear             ||    32
 Cast: Infusion          ||     1
Armor: Leather armour    ||    16
Dodge: Dodged            ||    30
